 Dungeon Crawl Stone Soup version 0.27.1-2-g3b301248ec (webtiles) character file.

Game seed: 2723742217979782543

7 snilloc10 the Stinger (level 1, 0/13 HPs)
             Began as a Demonspawn Venom Mage on Sept 22, 2021.
             Constricted to death by a ball python (1 damage)
             ... on level 1 of the Dungeon.
             The game lasted 00:01:11 (427 turns).

snilloc10 the Stinger (Demonspawn Venom Mage)        Turns: 427, Time: 00:01:11

Health: 0/13       AC:  2    Str:  8    XL:     1   Next: 83%
Magic:  3/3        EV:  9    Int: 16    God:
Gold:   9          SH:  0    Dex: 13    Spells: 3/4 levels left

rFire    . . .     SeeInvis .   b - +0 short sword
rCold    . . .     Faith    .   (no shield)
rNeg     . . .     Spirit   .   a - +0 robe
rPois    .         Reflect  .   (no helmet)
rElec    .         Harm     .   (no cloak)
rCorr    .         Rampage  .   (no gloves)
Will     .....                  (no boots)
Stlth    ++........             (no amulet)
HPRegen  0.04/turn              (no ring)
MPRegen  0.08/turn              (no ring)

@: constricted
A: no striking features
a: no special abilities


You were on level 1 of the Dungeon.
You visited 1 branch of the dungeon, and saw 1 of its levels.

You collected 9 gold pieces.

Inventory:

Hand Weapons
 b - a +0 short sword (weapon)
Armour
 a - a +0 robe (worn)


   Skills:
 + Level 1.8 Dodging
 + Level 2.0 Stealth
 + Level 2.0 Spellcasting
 + Level 0.9 Transmutations
 + Level 3.2 Poison Magic


You had 3 spell levels left.
You knew the following spells:

 Your Spells              Type           Power      Damage    Failure   Level
a - Sting                 Tmut/Pois      32%        1d4       9%          1

Your spell library contained the following spells:

 Spells                   Type           Power      Damage    Failure   Level
 Poisonous Vapours        Pois/Air       12%        N/A       16%         2
 Mephitic Cloud           Conj/Pois/Air  5%         N/A       36%         3
 Olgreb's Toxic Radiance  Pois           12%        N/A       47%         4


Dungeon Overview and Level Annotations

Branches:
Dungeon (1/15)

Altars:


Message History

The quokka misses you.
You miss the quokka.
The quokka is heavily wounded.
The quokka barely misses you.
You closely miss the quokka.
The quokka is heavily wounded.
The quokka bites you but does no damage.
The ball python barely misses you. The ball python grabs you.
The ball python constricts you. The quokka bites you.
You barely miss the ball python. The ball python bites you.
The ball python constricts you. The quokka bites you.
The ball python bites you. The ball python constricts you.
* * * LOW HITPOINT WARNING * * *
You are too injured to fight recklessly!
You are too injured to fight recklessly!
You are too injured to fight recklessly!
You are too injured to fight recklessly!
You are too injured to fight recklessly!
You are too injured to fight recklessly!
You are too injured to fight recklessly!
You are too injured to fight recklessly!
You are too injured to fight recklessly!
You are too injured to fight recklessly!
You are too injured to fight recklessly!
You are too injured to fight recklessly!
You are too injured to fight recklessly!
You are too injured to fight recklessly!
You are too injured to fight recklessly!
You are too injured to fight recklessly!
You are too injured to fight recklessly!
You hit the quokka.
The quokka is heavily wounded.
The quokka bites you.
* * * LOW HITPOINT WARNING * * *
The ball python barely misses you. The ball python constricts you.
You hit the quokka.
The quokka is severely wounded.
The quokka barely misses you. The ball python closely misses you.
The ball python constricts you.
You die...

.# ### .# .. . .##
.###...##
..######........#
.....†...# #.#.#
..######.# #.#.#
...# .# ##.#.# #
##.# .###...S##.#
.# ......."@r.#
##.# ####....####
...# ##...## ####
##...# #.#.# #.#.#
##### #.#.# .....
..#.#
....############.#


You could see a quokka and a ball python.

Vanquished Creatures
  A bat (D:1)
  An endoplasm (D:1)
  A giant cockroach (D:1)
  A quokka (D:1)
  2 kobolds (D:1)
6 creatures vanquished.

Notes
Turn   | Place    | Note
-------+----------+-------------------------------------------
     0 | D:1      | snilloc10 the Demonspawn Venom Mage began the quest for the
                  | Orb.
     0 | D:1      | Reached XP level 1. HP: 13/13 MP: 3/3
   427 | D:1      | Constricted to death by a ball python

Illustrated notes

Levels and vault maps discovered:
D:1:      amcnicky_arrival_single_pillar, layout_loops_ring

Skill      XL: |  1 |
---------------+----+-----
Stealth        | 2 |  2.0
Dodging        | |  1.8
Spellcasting   | |  2.0
Transmutations | |  0.9
Poison Magic   | |  3.2

Action                   || total
-------------------------++-------
Melee: Short sword       ||    10
       Unarmed           ||     7
 Cast: Sting             ||     9
 Stab: Sleeping          ||     1
Armor: Robe              ||     3
Dodge: Dodged            ||    14
